AoeStats
← driboperez

Fortress

509113951Analyzed
3v3 RM · 7d ago on Sep 25, 2026· 38m 54s· 6 players
Game mode
Random Map
Map size
Large (8 player)
Population
200
Speed
Normal
Resources
Standard
Victory
Conquest
Starting age
Dark Age
Ending age
Imperial Age
RankedLock teamsTeams togetherTeam positionsShared explorationLock speedFull tech treeHidden civsTurbo modeCheats
Victory
Defeat
🇹🇷 Hindustanis · Türkiye
1116
+13
🇹🇷 Khmer · Türkiye
1111
+13
🇹🇷 Spanish · Türkiye
1074
+14
🇭🇰 Poles · Hong Kong SAR China
1100
-15
🇲🇽 Lithuanians · Mexico
1027
-13
🇪🇸 Wei · Spain
1002
-12
driboperez
4:18 Loom
8:53 Feudal Age
10:55 Double-Bit Axe
13:29 Castle Age
11:14 Horse Collar
11:44 Gold Mining
12:27 Stone Mining
14:42 Bow Saw
14:56 Heavy Plow
15:59 Gold Shaft Mining
16:01 Town Watch
16:53 Wheelbarrow
18:32 Hand Cart
21:11 Town Patrol
22:21 Stone Shaft Mining
22:23 Scale Barding Armor
24:29 Forging
29:27 Imperial Age
27:57 Bloodlines
27:49 Husbandry
29:09 Fortified Wall
28:28 Light Cavalry
30:41 Chain Barding Armor
31:34 Conscription
31:53 Iron Casting
32:48 Hoardings
33:19 Ming Guang Armor
33:28 Elite Tiger Cavalry
35:28 Chemistry
36:09 Fletching
37:20 Blast Furnace
37:03 Caravan
37:47 Hussar
38:57 Squires
38:57 Bodkin Arrow
39:02 Scale Mail Armor
38:35 Pikeman
Inquisidor
0:30 Loom
7:28 Feudal Age
13:12 Castle Age
11:21 Horse Collar
11:33 Double-Bit Axe
19:46 Husbandry
19:57 Bloodlines
23:07 Gold Mining
24:37 Scale Barding Armor
24:43 Forging
27:14 Stone Mining
30:16 Imperial Age
30:08 Wheelbarrow
30:35 Cavalier
32:38 Paladin
38:50 Chain Barding Armor
39:05 Iron Casting
cl12272003
1:35 Loom
6:50 Feudal Age
7:33 Double-Bit Axe
7:31 Horse Collar
12:41 Castle Age
13:32 Heavy Plow
13:47 Bow Saw
17:29 Stone Mining
18:20 Town Watch
20:55 Wheelbarrow
25:06 Wheelbarrow
27:57 Hand Cart
30:56 Szlachta Privileges
31:17 Town Patrol
31:51 Fortified Wall
32:51 Forging
32:41 Scale Mail Armor
33:24 Treadmill Crane
36:17 Imperial Age
34:30 Bloodlines
34:20 Husbandry
35:55 Scale Barding Armor
36:06 Chain Mail Armor
36:26 Iron Casting
37:36 Cavalier
39:08 Plate Mail Armor
38:59 Chain Barding Armor
(DB) Ezdur
8:46 Feudal Age
9:52 Double-Bit Axe
10:01 Horse Collar
13:09 Castle Age
12:53 Gold Mining
13:31 Loom
15:00 Bow Saw
21:20 Wheelbarrow
24:12 Stone Mining
24:37 Scale Barding Armor
25:23 Heavy Plow
29:11 Imperial Age
27:12 Hand Cart
27:18 Forging
29:32 Chain Barding Armor
29:05 Town Watch
30:03 Bloodlines
30:17 Conscription
31:20 Coinage
31:57 Siege Engineers
33:02 Banking
32:38 Caravan
32:21 Elite Ballista Elephant
33:35 Pikeman
35:50 Chemistry
35:39 Plate Barding Armor
35:09 Husbandry
36:54 Iron Casting
(DB) sendur
9:03 Feudal Age
13:05 Castle Age
11:33 Double-Bit Axe
11:30 Horse Collar
29:18 Scale Barding Armor
30:26 Stone Mining
30:26 Gold Mining
30:54 Husbandry
33:02 Heavy Plow
33:14 Bow Saw
36:27 Imperial Age
35:40 Wheelbarrow
(DB) Eydur
4:27 Loom
13:40 Feudal Age
17:42 Castle Age
23:24 Loom
26:43 Forging
26:34 Scale Mail Armor
28:04 Wheelbarrow
30:53 Hand Cart
30:23 Town Watch
31:15 Husbandry
33:49 Imperial Age
31:44 Town Patrol
32:40 Caravan
33:14 Bloodlines
34:26 Scale Barding Armor
34:56 Iron Casting
34:37 Chain Mail Armor
34:31 Caravan
34:05 Heavy Camel Rider
35:30 Chain Barding Armor
36:20 Imperial Camel Rider
38:17 Plate Barding Armor
Connection lost

Rejoining the realm…

Still unreachable

The connection could not be restored.

Session expired

The server has moved on; the page needs a fresh start.